 Dungeon Crawl Stone Soup version 0.27-a0-650-g8dd3ea4f36 (webtiles) character file.

Game seed: 17372109327891249254

1507 rednaxela the Spear-Bearer (level 8, -7/69 HPs)
             Began as a Naga Monk on Mar 15, 2021.
             Mangled by an orc warrior
             ... wielding a +0 glaive
              (24 damage)
             ... on level 6 of the Dungeon.
             The game lasted 00:24:57 (8108 turns).

rednaxela the Spear-Bearer (Naga Monk)              Turns: 8108, Time: 00:24:57

Health: -7/69      AC:  8    Str: 15    XL:     8   Next: 82%
Magic:  0/8        EV:  8    Int: 16    God:
Gold:   61         SH:  0    Dex: 15    Spells: 7/7 levels left

rFire    . . .     SeeInvis +   H - +4 glaive (distort)
rCold    . . .     Faith    .   (shield currently unavailable)
rNeg     . . .     Spirit   +   D - +0 robe {Will+}
rPois    +         Reflect  .   v - +0 helmet
rElec    .         Harm     .   (no cloak)
rCorr    .         Rampage  .   (no gloves)
Will     ++...                  F - +0 barding
Stlth    ++........             r - amulet of guardian spirit
HPRegen  0.21/turn              y - +6 ring of intelligence
MPRegen  0.11/turn              (no ring)

@: short of breath, very slow
A: AC +2, large, see invisible, deformed body, poison resistance, slowness 2,
spit poison 1, naga tail 1
a: Spit Poison


You were on level 6 of the Dungeon.
You visited 2 branches of the dungeon, and saw 8 of its levels.

You collected 395 gold pieces.
You spent 334 gold pieces at shops.

Inventory:

Hand Weapons
 k - a +0 hunting sling
   (You took it off a goblin on level 2 of the Dungeon)
 H - a +4 glaive of distortion (weapon)
   (You bought it in a shop on level 7 of the Dungeon)
Missiles
 f - 20 poisoned darts (quivered)
 l - 144 stones
 t - 130 arrows
Armour
 v - a +0 helmet (worn)
   (You took it off Robin on level 5 of the Dungeon)
 D - a +0 robe of willpower (worn)
   (You found it on level 6 of the Dungeon)
 F - a +0 barding (worn)
   (You found it on level 7 of the Dungeon)
Magical Staves
 w - a staff of air
   (You found it on level 6 of the Dungeon)
Jewellery
 i - a ring of poison resistance
   (You found it on level 4 of the Dungeon)
 j - an amulet of faith
   (You found it on level 2 of the Dungeon)
 q - an amulet of the acrobat
   (You found it on level 2 of the Dungeon)
 r - an amulet of guardian spirit (around neck)
   (You found it on level 2 of the Dungeon)
 y - a +6 ring of intelligence (right hand)
   (You found it on level 5 of the Dungeon)
Wands
 m - a wand of polymorph (2)
   (You found it on level 2 of the Dungeon)
 A - a wand of mindburst (8)
   (You found it on level 5 of the Dungeon)
Scrolls
 c - 4 scrolls of teleportation {@r3 !r}
 e - 2 scrolls of blinking {@r4}
 g - a scroll of silence {unknown}
 h - a scroll of fear {unknown}
 n - a scroll of amnesia {unknown}
 p - a scroll of immolation {unknown}
 s - 2 scrolls of fog {unknown}
 B - a scroll of enchant armour {unknown}
 G - 2 scrolls of enchant weapon {unknown}
 I - a scroll of acquirement {unknown}
 J - a scroll of vulnerability {unknown}
Potions
 a - a potion of mutation
 b - 3 potions of flight
 d - a potion of ambrosia {unknown}
 o - a potion of berserk rage {unknown}
 u - 3 potions of lignification {@q5}
 x - a potion of degeneration {unknown}
 z - a potion of resistance {unknown}
 C - a potion of attraction {unknown}
 K - a potion of invisibility {unknown}


   Skills:
 - Level 3.0 Fighting
 + Level 11.0 Polearms
 - Level 2.4 Dodging
 - Level 3.0 Stealth


You had 7 spell levels left.
You didn't know any spells.
Your spell library contained the following spells:

 Spells                   Type           Power      Damage    Failure   Level
 Ignite Poison            Fire/Tmut/Pois 0%         N/A       58%         3
 Fireball                 Conj/Fire      0%         3d3       100%        5
 Starburst                Conj/Fire      0%         8x6d3     100%        6
 Ignition                 Fire           0%         3d3       100%        8


Dungeon Overview and Level Annotations

Branches:
Dungeon (7/15)             Temple (1/1) D:5

Altars:
Ashenzari
Dithmenos
Fedhas
Gozag
Hepliaklqana
Kikubaaqudgha
Okawaru
Qazlal
Sif Muna
Trog
Vehumet
Xom
Zin

Shops:
D:7 ((*


Innate Abilities, Weirdness & Mutations

Your serpentine skin is tough. (AC +2)
You have supernaturally acute eyesight. (SInv)
Armour fits poorly on your strangely shaped body.
Your system is resistant to poisons. (rPois)
You cover ground very slowly.
You can spit poison.
You have a snake-like lower body.


Message History

a +0 shortbow; a centaur corpse
Found 16 gold pieces.
Found a short sword.
You now have 124 gold pieces (gained 16).
You see here a wand of random effects (18).
Found 7 gold pieces.
You see here a +0 short sword.
You now have 131 gold pieces (gained 7).
Found a stone staircase leading down.
You now have 150 gold pieces (gained 19).
You open the door.
Found Laytycso's Assorted Antiques.
There is an open door here.
There is an entrance to Laytycso's Assorted Antiques here.
g - a scroll labelled BYSOGU WUSUKK
s - 2 scrolls labelled ZEUSIH USAOGY (gained 1)
I - a scroll labelled HINKUGRUGA;
J - a scroll labelled UKHEMOPSYSCH Thank you for shopping at Laytycso's Assorted Antiques!
You open the door.
There is an open door here.
Found a stone staircase leading down.
There is a stone staircase leading down here.
An iguana comes into view.
You see here 14 gold pieces.
You now have 48 gold pieces (gained 14).
There is an entrance to Zekhluph's Antique Weapon Shop here.
You see here a +2 trident of venom.
There is an escape hatch in the floor here.
There is a stone staircase leading up, spattered with blood here.
Okay, then.
You climb upwards.
An adder zombie comes into view.
There is a stone staircase leading down, spattered with blood here.
No target in range!
No target in range!
No target in range!
You slash the adder zombie!
Space bends around the adder zombie.
The adder zombie is severely damaged.
The adder zombie closely misses you. x2
You slash the adder zombie!
You destroy the adder zombie!
No target in view!
Found a bubbling coppery potion.
G - 2 scrolls labelled DUWOIB OFFU (gained 1)
c - 4 scrolls of teleportation {@r3 !r} (gained 1)
K - a bubbling coppery potion You now have 61 gold pieces (gained 13).
You open the door.
There is an open door here.
Found a wand of random effects (13).
An orc warrior is nearby!
There is an open door here.
You reach to attack!
You hit the orc warrior but do no damage.
Space warps horribly around the orc warrior!
The orc warrior is moderately wounded.
The orc warrior hits you from afar with a +0 glaive!!
You reach to attack!
You barely miss the orc warrior.
The orc warrior is moderately wounded.
The orc warrior hits you from afar with a +0 glaive.
* * * LOW HITPOINT WARNING * * *
The orc warrior closely misses you.
You are too injured to fight recklessly!
You are too injured to fight recklessly!
The orc warrior hits you with a +0 glaive.
* * * LOW HITPOINT WARNING * * *
You hit the orc warrior.
The orc warrior is moderately wounded.
The orc warrior blinks!
Press: ? - help, Shift-Dir - straight line, f/p - orc warrior
Aim: an orc warrior, wielding a +0 glaive and wearing a +0 chain mail (moderately wounded)
The splash of poison hits the orc warrior but does no damage.
The orc warrior is poisoned.
The orc warrior is moderately wounded.
The orc warrior hits you from afar with a +0 glaive!
* * * LOW HITPOINT WARNING * * *
Reach: H) +4 glaive (distort)
Press: ? - help, Dir - move target, f/p - orc warrior
Aim: an orc warrior, wielding a +0 glaive and wearing a +0 chain mail (heavily wounded, poisoned, about 39% to evade your +4 glaive of distortion)
You reach to attack!
You barely miss the orc warrior.
The orc warrior is heavily wounded.
The orc warrior barely misses you.
Reach: H) +4 glaive (distort)
Press: ? - help, Dir - move target, f/p - orc warrior
Aim: an orc warrior, wielding a +0 glaive and wearing a +0 chain mail (heavily wounded, poisoned, about 39% to evade your +4 glaive of distortion)
You reach to attack!
You barely miss the orc warrior.
The orc warrior is heavily wounded.
The orc warrior hits you from afar with a +0 glaive!
* * * LOW HITPOINT WARNING * * *
Really quaff
E - a potion of heal wounds {@q2 !q}?
You feel much better.
The orc warrior hits you from afar with a +0 glaive!
* * * LOW HITPOINT WARNING * * *
Reach: H) +4 glaive (distort)
Press: ? - help, Dir - move target, f/p - orc warrior
Aim: an orc warrior, wielding a +0 glaive and wearing a +0 chain mail (heavily wounded, poisoned, about 39% to evade your +4 glaive of distortion)
You reach to attack!
You closely miss the orc warrior.
The orc warrior is heavily wounded.
The orc warrior hits you from afar with a +0 glaive!!
You die...

..$..≈ o/.$..
.....≈ ♣...♣
≈≈≈ #########.#
# #.........#
#.#./.......
#@########..
.5.5
##'##...#.#
####
#.o...#.#.#
#####.....#...#
#.........#####
#.##......+ #.
##.....#####
#.# +..........
#.. #.....####
#..


You could see an orc warrior (poisoned).

Vanquished Creatures
  Pikel (D:7)
  Eustachio (D:5)
  A centaur (D:7)
  A phantom (D:6)
  4 lemures (D:7)
  A bullfrog (D:6)
  2 scorpions
  A bullfrog zombie (D:6)
  2 orc priests
  2 hounds (D:4)
  A centaur skeleton (D:5)
  An iguana (D:7)
  2 worker ants
  A hound skeleton (D:4)
  A worker ant zombie (D:5)
  Robin (D:5)
  10 gnolls
  9 adders
  A shadow imp (D:5)
  A white imp (D:5)
  2 oozes
  An adder zombie (D:6)
  A worm (D:2)
  4 dart slugs
  A leopard gecko (D:1)
  9 orcs
  5 giant cockroaches
  14 goblins
  11 hobgoblins
  9 jackals
  6 quokkas
  A ball python (D:2)
  6 bats
  4 frilled lizards
  9 kobolds
  4 rats
131 creatures vanquished.

Vanquished Creatures (others)
  A ghoul (D:1)
  A draconian (D:1)
  A vine stalker (D:1)
  A formicid (D:1)
  A spriggan (D:1)
  A vampire (D:1)
  A human (D:1)
  A naga (D:1)
  2 orcs (D:1)
  2 kobolds (D:1)
  9 tentacles (D:1)
21 creatures vanquished.

Grand Total: 152 creatures vanquished

Notes
Turn   | Place    | Note
-------+----------+-------------------------------------------
     0 | D:1      | rednaxela the Naga Monk began the quest for the Orb.
     0 | D:1      | Reached XP level 1. HP: 21/21 MP: 1/1
     0 | D:1      | Noticed a human
     0 | D:1      | Noticed a vampire
     0 | D:1      | Noticed a spriggan
     0 | D:1      | Noticed a vine stalker
     0 | D:1      | Noticed a kraken
     0 | D:1      | Noticed a naga
     0 | D:1      | Noticed a formicid
     0 | D:1      | Noticed a draconian
     0 | D:1      | Noticed a ghoul
     2 | D:1      | Killed a formicid
     3 | D:1      | Killed a vine stalker
     3 | D:1      | Killed a naga
     5 | D:1      | Killed a human
     9 | D:1      | Killed a draconian
     9 | D:1      | Killed a spriggan
    11 | D:1      | Killed a vampire
    12 | D:1      | Killed a ghoul
   161 | D:1      | Reached XP level 2. HP: 23/28 MP: 2/2
   437 | D:1      | Reached skill level 4 in Polearms
   437 | D:1      | Reached XP level 3. HP: 34/34 MP: 3/3
  1403 | D:2      | Reached XP level 4. HP: 42/42 MP: 4/4
  1454 | D:2      | Found a faded altar of an unknown god.
  1456 | D:2      | Reached skill level 5 in Polearms
  1900 | D:3      | Reached XP level 5. HP: 17/49 MP: 5/5
  3187 | D:3      | Reached skill level 6 in Polearms
  3826 | D:4      | Noticed Sigmund
  4083 | D:4      | Noticed Sigmund
  4083 | D:4      | Sigmund changed into Sigmund the frilled lizard
  4085 | D:4      | Killed Sigmund the frilled lizard
  4176 | D:4      | Reached XP level 6. HP: 26/56 MP: 1/6
  4688 | D:4      | Noticed Robin
  4697 | D:5      | Entered Level 5 of the Dungeon
  4731 | D:5      | Killed Robin
  4877 | D:4      | Reached skill level 7 in Polearms
  5388 | D:4      | Reached XP level 7. HP: 62/62 MP: 5/7
  5721 | D:5      | Noticed Eustachio
  5738 | D:5      | Killed Eustachio
  5739 | D:5      | Reached skill level 8 in Polearms
  5813 | D:5      | Found a staircase to the Ecumenical Temple.
  5821 | Temple   | Entered the Ecumenical Temple
  6515 | D:5      | Reached skill level 9 in Polearms
  6758 | D:6      | Reached XP level 8. HP: 37/69 MP: 4/8
  7195 | D:6      | Upgraded the game from 0.27-a0-637-g3a9f0a9c12 to
                  | 0.27-a0-650-g8dd3ea4f36
  7201 | D:6      | Noticed Pikel
  7278 | D:7      | Found Zekhluph's Antique Weapon Shop.
  7292 | D:7      | Found Sereos's Weapon Shop.
  7509 | D:7      | Killed Pikel
  7510 | D:7      | Reached skill level 10 in Polearms
  7743 | D:7      | Bought a runed glaive for 218 gold pieces
  7765 | D:7      | Reached skill level 11 in Polearms
  7960 | D:7      | Found Laytycso's Assorted Antiques.
  7963 | D:7      | Bought a scroll labelled BYSOGU WUSUKK for 29 gold pieces
  7963 | D:7      | Bought a scroll labelled ZEUSIH USAOGY for 29 gold pieces
  7963 | D:7      | Bought a scroll labelled HINKUGRUGA for 29 gold pieces
  7963 | D:7      | Bought a scroll labelled UKHEMOPSYSCH for 29 gold pieces
  8108 | D:6      | Mangled by an orc warrior

Illustrated notes

Levels and vault maps discovered:
D:1:      nicolae_arrival_kraken_aquarium_a, layout_basic
D:2:      layout_loops_cross, chequers_ecumenical_altar_simple, corner_web_ring
D:3:      layout_basic
D:4:      layout_basic, uniq_robin, uniq_sigmund
D:5:      layout_basic, minmay_temple_entry_arrows, uniq_eustachio
D:6:      layout_basic, kennysheep_small_square, uniq_pikel
D:7:      layout_rooms, nicolae_overflow_hidden_temple, serial_shops, shop,
          shop, kennysheep_mini_moat, shop, nicolae_shop_trees
Temple:   oiseaux_autumnal_temple

Skill      XL: |  1  2  3  4  5  6  7  8 |
---------------+-------------------------+-----
Polearms       | 4 5 6 7 9 11 | 11.0
Fighting       | |  3.0
Dodging        | |  2.4
Stealth        | |  3.0

Action                   |  1- 3 |  4- 6 |  7- 9 || total
-------------------------+-------+-------+-------++-------
Melee: Spear             |    58 |   179 |       ||   237
       Trident           |       |    56 |   140 ||   196
       Glaive            |       |       |    13 ||    13
 Abil: Spit Poison       |    20 |    59 |    11 ||    90
Evoke: Wand              |       |     3 |     2 ||     5
  Use: Potion            |       |     3 |     1 ||     4
       Scroll            |       |       |     5 ||     5
 Stab: Sleeping          |     1 |     1 |     1 ||     3
Armor: Robe              |     3 |    14 |    35 ||    52
       Ring mail         |     6 |    40 |       ||    46
Dodge: Dodged            |    21 |   114 |    51 ||   186

Table legend: (Time is in decaauts)
 A = Elapsed time spent in this place.
 B = Non-inter-level travel time spent in this place.
 C = Inter-level travel time spent in this place.
 D = Time resting spent in this place.
 E = Time spent auto-exploring this place.
 F = Levels seen in this place.
 G = Mean time per level.
                   A        B        C        D        E       F      G
               +--------+--------+--------+--------+--------+-----+--------+
         Total |   9812 |   9218 |    594 |   1543 |   5988 |   8 | 1226.5 |
       Dungeon |   9382 |   8839 |    543 |   1543 |   5612 |   7 | 1340.3 |
        Temple |    429 |    378 |     51 |      0 |    376 |   1 |  429.0 |
               +--------+--------+--------+--------+--------+-----+--------+

Top non-repeatable levels by time:
     D:3: 1876 daAuts
     D:4: 1688 daAuts
     D:1: 1609 daAuts
     D:2: 1447 daAuts
     D:5: 1158 daAuts
     D:7: 832 daAuts
     D:6: 770 daAuts
  Temple: 429 daAuts
